 Dungeon Sprint DCSS version 0.28.0-43-g3370ac3207 (webtiles) character file.

Game seed: 12068693118419397677

12797 boopmooplesden the Executioner (level 11, 0/148 HPs)
             Began as a Minotaur Berserker on Mar 18, 2022.
             Was the Champion of Trog.
             Slain by a ten-headed hydra (10 damage)
             ... in the Dungeon (Sprint I: "Red Sonja").
             The game lasted 00:08:39 (2953 turns).

boopmooplesden the Executioner (Minotaur Berserker) Turns: 2953, Time: 00:08:39

Health: 0/148      AC:  9    Str: 21    XL:     11   Next: 67%
Magic:  8/8        EV: 14    Int:  0    God:    Trog [******]
Gold:   575        SH:  0    Dex:  9    Spells: 10/10 levels left

rFire   . . .      SeeInvis .   v - +6 hand axe (flame)
rCold   . . .      Faith    .   (no shield)
rNeg    . . .      Spirit   .   n - +2 ring mail {rPois}
rPois   +          Reflect  .   m - +2 hat
rElec   .          Harm     .   k - scarf {repulsion}
rCorr   .          Rampage  .   (no gloves)
Will    .....      NoTele   +   (no boots)
Stlth   ..........              (no amulet)
HPRegen 0.34/turn               (no ring)
MPRegen 0.11/turn               (no ring)

@: berserking (expiring), slowed, lost intelligence, repel missiles, unable to
read
A: horns 2, retaliatory headbutt, clumsy 2, deformed body, deterioration 2,
dopey 2, frail 2, low MP 1, screaming 2, weak 1, no potion heal 2, subdued magic
1, inability to read while threatened
a: Renounce Religion, Berserk, Trog's Hand, Brothers in Arms


You were in the Dungeon.
You worshipped Trog.
Trog was exalted by your worship.
You visited 1 branch You collected 1247 gold pieces.
You spent 672 gold pieces at shops.

Inventory:

Hand Weapons
 a - a +0 hand axe
 h - a +2 battleaxe
 l - a +3 executioner's axe
 r - the +9 hand axe "Inlia" {elec, Contam rPois rF+ Stlth+}
   (You bought it in a shop in the Dungeon)

   It occasionally discharges a powerful burst of electricity upon striking a
   foe.
   rF:        It protects you from fire.
   rPois:     It protects you from poison.
   Contam:    It causes magical contamination when unequipped.
   Stlth:     It makes you more stealthy.
 t - the +7 long sword of the Beginning {freeze, *Rage rN+ Will+++ Dex+4}
   (You found it in the Dungeon)

   It freezes those it strikes, dealing additional cold damage.
   It can also slow down cold-blooded creatures.
   Dex:       It affects your dexterity (+4).
   rN:        It protects you from negative energy.
   *Rage:     It berserks you when you make melee attacks (+20% chance).
   Will:      It greatly increases your willpower.
 u - the +4 battleaxe of Wealth {vorpal, rCorr Stlth+}
   (Trog gifted it to you in the Dungeon)

   It inflicts extra damage upon your enemies.
   rCorr:     It protects you from acid and corrosion.
   Stlth:     It makes you more stealthy.
 v - a +6 hand axe of flaming (weapon)
Armour
 k - a scarf of repulsion (worn)
 m - a +2 hat (worn)
 n - a +2 ring mail of poison resistance (worn)
Jewellery
 b - a ring of magical power
 p - a ring of positive energy
Wands
 i - a wand of mindburst (13)
 o - a wand of polymorph (5)
 s - a wand of flame (8)
Scrolls
 j - a scroll of identify
Potions
 c - 4 potions of curing
 d - 3 potions of heal wounds
 e - a potion of haste
 f - 2 potions of magic
 g - a potion of berserk rage
Miscellaneous
 q - a condenser vane


   Skills:
 + Level 19.6 Fighting
 + Level 21.5 Axes
 + Level 14.4 Armour
 + Level 11.6 Dodging
 + Level 4.8 Stealth
 + Level 0.1 Evocations


You had 10 spell levels left.
You didn't know any spells.
Your spell library was empty.

Dungeon Overview and Level Annotations

Branches:
Dungeon (1/1)

Altars:
Cheibriados
Dithmenos
Elyvilon
Fedhas
Gozag
Hepliaklqana
Kikubaaqudgha
Makhleb
Nemelex Xobeh
Okawaru
Qazlal
Ru
Sif Muna
Trog
Uskayaw
Vehumet
Wu Jian
Xom
Yredelemnul
Zin
The Shining One
Jiyva
Lugonu

Shops:
D [*:**[=?(*:[(*?=(*([[


Innate Abilities, Weirdness & Mutations

You have a pair of horns on your head.
You reflexively headbutt those who attack you in melee.
You are very clumsy. (Dex -4)
Armour fits poorly on your strangely shaped body.
Your body often deteriorates upon taking damage.
You are very dopey. (Int -4)
You are very frail. (-20% HP)
Your magical capacity is low. (-10% MP)
You frequently scream uncontrollably at your foes.
You are weak. (Str -2)
Potions cannot restore your health.
Your spells are a little easier to cast, but a little less powerful.
You sometimes lose the ability to read scrolls when taking damage.


Message History

The floating eye seems to glare at you. The 11-headed hydra bites you.
The 11-headed hydra barely misses you. The 11-headed hydra bites you!
The 11-headed hydra bites you but does no damage.
The 11-headed hydra bites you.
The 11-headed hydra bites you but does no damage. x2
The 11-headed hydra bites you.
The 11-headed hydra bites you but does no damage.
The 11-headed hydra bites you.
The 11-headed hydra bites you but does no damage.
The floating eye gazes piercingly through you!
You shrug off the repeated paralysis!
You can move again.
You lop one of the 11-headed hydra's heads off!
The flame cauterises the wound!
You slice the ten-headed hydra!! You burn the ten-headed hydra.
You headbutt the ten-headed hydra!
The ten-headed hydra is severely wounded.
The ten-headed hydra closely misses you.
The ten-headed hydra bites you!
You feel threatened and lose the ability to read scrolls!
The ten-headed hydra bites you. The ten-headed hydra bites you!
The ten-headed hydra barely misses you. The ten-headed hydra bites you! x2
The ten-headed hydra closely misses you.
The ten-headed hydra bites you. x2
* * * LOW HITPOINT WARNING * * *
Unknown command.
Unknown command.
You barely miss the ten-headed hydra. You headbutt the ten-headed hydra!
The ten-headed hydra is almost dead.
The ten-headed hydra misses you. The ten-headed hydra bites you.
* * * LOW HITPOINT WARNING * * *
The ten-headed hydra bites you!
* * * LOW HITPOINT WARNING * * *
The ten-headed hydra bites you!
* * * LOW HITPOINT WARNING * * *
The ten-headed hydra bites you.
* * * LOW HITPOINT WARNING * * *
The ten-headed hydra bites you but does no damage.
The ten-headed hydra bites you!
You die...

#####################************
..#.[#.§÷§÷§§.§§@DG$#,,+,,,,*,,,,
..##'#§####§§§§§##$.+,,*,,,,**,,,
.)'.§#.#,*##§§§##**##*+*,,,,,****
###).'.#+*,###+#,,,**,,*,,,,,*,,,
.##'####,,,*,*,**,,,*,,**,,,,*,∩,
.#..°,,*,,,***,,***,*,,≈***+**,,,
.#.°..,+,,,,,**,*,*,*,,≈,,*,****+
§###°..*,,,,,*,,***,*,,≈,**+*,,,,
.'.#...#**++**,**,,,*,,≈**,,,,,,,


You could see a ten-headed hydra and a floating eye.

Vanquished Creatures
  2 centaur warriors (D)
  Sonja (D)
  A deep troll (D)
  A lindwurm (D)
  8 shining eyes (D)
  An oklob plant (D)
  A gargoyle (D)
  4 demonic crawlers (D)
  2 unseen horrors (D)
  2 kobold demonologists (D)
  A hornet (D)
  A slime creature (D)
  Sigmund (D)
  A yak (D)
  13 hogs (D)
  2 redbacks (D)
  6 floating eyes (D)
  An ogre (D)
  7 necrophages (D)
  8 jellies (D)
  Ijyb (D)
65 creatures vanquished.

Vanquished Creatures (others)
  2 ballistomycete spores (D)
2 creatures vanquished.

Grand Total: 67 creatures vanquished

Notes
Turn   | Place    | Note
-------+----------+-------------------------------------------
     0 | D        | boopmooplesden the Minotaur Berserker began the quest for
                  | the Orb.
     0 | D        | Reached XP level 1. HP: 19/19 MP: 0/0
     1 | D        | Noticed Ijyb
     7 | D        | Killed Ijyb
     8 | D        | Reached skill level 5 in Fighting
     8 | D        | Reached skill level 5 in Axes
     8 | D        | Reached XP level 2. HP: 23/29 MP: 1/1
   155 | D        | Noticed an ogre
   159 | D        | Killed an ogre
   160 | D        | Reached skill level 7 in Axes
   160 | D        | Reached XP level 3. HP: 40/40 MP: 2/2
   160 | D        | Reached XP level 4. HP: 48/48 MP: 3/3
   235 | D        | Noticed Sigmund
   248 | D        | HP: 2/48 [something (7)]
   249 | D        | Killed Sigmund
   249 | D        | Reached ** piety under Trog
   250 | D        | Reached skill level 10 in Axes
   250 | D        | Reached XP level 5. HP: 2/58 MP: 4/4
   250 | D        | Reached XP level 6. HP: 3/66 MP: 5/5
   553 | D        | Found a burning altar of Makhleb.
   553 | D        | Found a viscous altar of Jiyva.
   553 | D        | Found a shimmering altar of Xom.
   553 | D        | Found a corrupted altar of Lugonu.
   553 | D        | Noticed a slime creature
   562 | D        | Killed a slime creature
   563 | D        | Reached skill level 11 in Axes
   563 | D        | Reached skill level 5 in Dodging
   837 | D        | Noticed a kobold demonologist
   837 | D        | Noticed a floating eye
   838 | D        | Noticed a kobold demonologist
   842 | D        | Noticed a rust devil
   844 | D        | Killed a kobold demonologist
   845 | D        | Reached skill level 12 in Axes
   845 | D        | Reached XP level 7. HP: 75/75 MP: 6/6
   845 | D        | Reached *** piety under Trog
   851 | D        | Killed a kobold demonologist
   852 | D        | Reached skill level 13 in Axes
   852 | D        | Reached skill level 1 in Stealth
   852 | D        | Reached XP level 8. HP: 85/85 MP: 7/7
   861 | D        | Found an ornate altar of the Wu Jian Council.
   861 | D        | Found a shimmering blue altar of Sif Muna.
   863 | D        | Found a radiant altar of Vehumet.
   896 | D        | Found Xauseipo's General Store.
   896 | D        | Found an ancient bone altar of Kikubaaqudgha.
   896 | D        | Found a hazy altar of Hepliaklqana.
   896 | D        | Found a stormy altar of Qazlal.
   896 | D        | Found a hide-covered altar of Uskayaw.
   896 | D        | Found a blossoming altar of Fedhas.
   896 | D        | Found a bloodstained altar of Trog.
   896 | D        | Found an iron altar of Okawaru.
   896 | D        | Found a basalt altar of Yredelemnul.
   896 | D        | Found a glowing golden altar of the Shining One.
   896 | D        | Found a snail-covered altar of Cheibriados.
   896 | D        | Found a sacrificial altar of Ru.
   896 | D        | Found a glowing silver altar of Zin.
   896 | D        | Found a shadowy altar of Dithmenos.
   896 | D        | Found a white marble altar of Elyvilon.
   903 | D        | Found an opulent altar of Gozag.
   904 | D        | Found a sparkling altar of Nemelex Xobeh.
   916 | D        | Noticed a centaur warrior
   916 | D        | Noticed a centaur warrior
   925 | D        | Killed a centaur warrior
   925 | D        | Reached **** piety under Trog
   926 | D        | Reached skill level 14 in Axes
   926 | D        | Reached skill level 10 in Armour
   926 | D        | Killed a centaur warrior
   927 | D        | Reached skill level 15 in Axes
   927 | D        | Reached XP level 9. HP: 96/96 MP: 8/8
  1055 | D        | Noticed a deep troll
  1061 | D        | Killed a deep troll
  1062 | D        | Reached skill level 15 in Fighting
  1073 | D        | Found Baurch's Armour Emporium.
  1081 | D        | Bought a +2 hat for 192 gold pieces
  1091 | D        | Bought a +2 ring mail of poison resistance for 216 gold
                  | pieces
  1128 | D        | Reached skill level 16 in Axes
  1313 | D        | Noticed an oklob plant
  1318 | D        | Killed an oklob plant
  1325 | D        | Reached ***** piety under Trog
  1602 | D        | Killed an unseen horror
  1603 | D        | Reached XP level 10. HP: 108/108 MP: 9/9
  1854 | D        | Paralysed by a floating eye for 2 turns
  1863 | D        | Found the +6 lightning scales {swift, rElec}
  1874 | D        | Reached skill level 17 in Axes
  1891 | D        | Reached ****** piety under Trog
  1891 | D        | Received a gift from Trog
  1928 | D        | Found Otiost's Magic Scroll Shoppe.
  1928 | D        | Found Burostapn's Jewellery Shop.
  1928 | D        | Found Tuofai's Antique Weapon Boutique.
  1930 | D        | Found Bouwn's General Store.
  1930 | D        | Found Kefrept's Book Shop.
  1930 | D        | Found Movuhos's Armour Shoppe.
  1930 | D        | Found Roalogyx's Weapon Boutique.
  1930 | D        | Found Vufoxi's Assorted Antiques.
  1930 | D        | Found Hahevydo's Magic Scroll Shop.
  1930 | D        | Found Moatuopt's Jewellery Shoppe.
  1933 | D        | Bought an ancient hand axe for 232 gold pieces
  1933 | D        | Identified the +9 hand axe "Inlia" {elec, Contam rPois rF+
                  | Stlth+} (You bought it in a shop in the Dungeon)
  1934 | D        | Found Avaokk's Weapon Boutique.
  1935 | D        | Found Gauxiut's Weapon Emporium.
  1935 | D        | Found Luqup's General Store.
  1936 | D        | Found Futhrose's Antique Armour Emporium.
  1939 | D        | Bought a scroll labelled HOUDOT HOUROHO for 16 gold pieces
  1939 | D        | Bought a scroll labelled HEOZEPN XIPEF for 16 gold pieces
  1979 | D        | Noticed Sonja
  1984 | D        | Killed Sonja
  1984 | D        | Received a gift from Trog
  1985 | D        | Reached skill level 10 in Dodging
  2015 | D        | Identified the +7 long sword of the Beginning {freeze,
                  | *Rage rN+ Will+++ Dex+4}
  2044 | D        | Found Moetz's Armour Boutique.
  2053 | D        | Noticed a shining eye
  2053 | D        | Noticed a shining eye
  2053 | D        | Noticed a shining eye
  2054 | D        | Noticed a shining eye
  2054 | D        | Noticed a shining eye
  2054 | D        | Noticed a shining eye
  2055 | D        | Gained mutation: You are dopey. (Int -2) [a shining eye]
  2056 | D        | Gained mutation: You occasionally shout uncontrollably at
                  | your foes. [a shining eye]
  2057 | D        | Paralysed by a floating eye for 3 turns
  2057 | D        | Gained mutation: Armour fits poorly on your strangely
                  | shaped body. [a shining eye]
  2058 | D        | Gained mutation: You are clumsy. (Dex -2) [a shining eye]
  2060 | D        | Gained mutation: You are weak. (Str -2) [a shining eye]
  2061 | D        | Gained mutation: You are frail. (-10% HP) [a shining eye]
  2062 | D        | Killed a shining eye
  2064 | D        | Killed a shining eye
  2064 | D        | Killed a shining eye
  2064 | D        | Received a gift from Trog
  2064 | D        | Gained mutation: You frequently scream uncontrollably at
                  | your foes. [a shining eye]
  2065 | D        | Reached skill level 18 in Axes
  2065 | D        | Killed a shining eye
  2065 | D        | Gained mutation: You have hidden genetic defects. [a
                  | shining eye]
  2067 | D        | Killed a shining eye
  2068 | D        | Reached XP level 11. HP: 107/107 MP: 10/10
  2069 | D        | Killed a shining eye
  2070 | D        | Reached skill level 19 in Axes
  2071 | D        | Noticed a shining eye
  2071 | D        | Noticed a shining eye
  2072 | D        | Gained mutation: You are very frail. (-20% HP) [a shining
                  | eye]
  2073 | D        | Lost intelligence.
  2073 | D        | Gained mutation: You are very dopey. (Int -4) [a shining
                  | eye]
  2073 | D        | Gained mutation: You are very clumsy. (Dex -4) [a shining
                  | eye]
  2077 | D        | Lost mutation: You are very frail. (-20% HP) [a shining
                  | eye]
  2078 | D        | Gained mutation: You are very frail. (-20% HP) [a shining
                  | eye]
  2078 | D        | Gained mutation: You sometimes lose the ability to read
                  | scrolls when taking damage. [a shining eye]
  2079 | D        | Gained mutation: Potions are less effective at restoring
                  | your health. [a shining eye]
  2080 | D        | Killed a shining eye
  2080 | D        | Gained mutation: Potions cannot restore your health. [a
                  | shining eye]
  2084 | D        | Gained mutation: Your body sometimes deteriorates upon
                  | taking damage. [a shining eye]
  2085 | D        | Gained mutation: Your body often deteriorates upon taking
                  | damage. [a shining eye]
  2086 | D        | Killed a shining eye
  2089 | D        | Gained mutation: Your magical capacity is low. (-10% MP)
                  | [hidden defects]
  2093 | D        | Found Geexitui's Assorted Antiques.
  2093 | D        | Found Doum's Assorted Antiques.
  2093 | D        | Found Tiar's Antique Armour Boutique.
  2093 | D        | Found Zeilagaypp's Book Emporium.
  2152 | D        | Received a gift from Trog
  2155 | D        | HP: 4/144 [demonic crawler (5)]
  2156 | D        | Reached skill level 20 in Axes
  2713 | D        | Noticed a lindwurm
  2716 | D        | Killed a lindwurm
  2736 | D        | Identified the +4 battleaxe of Wealth {vorpal, rCorr
                  | Stlth+} (Trog gifted it to you in the Dungeon)
  2736 | D        | Received a gift from Trog
  2743 | D        | Gained mutation: Your spells are a little easier to cast,
                  | but a little less powerful. [hidden defects]
  2743 | D        | Lost mutation: You have hidden genetic defects. [hidden
                  | defects expressed]
  2747 | D        | Reached skill level 21 in Axes
  2759 | D        | Received a gift from Trog
  2948 | D        | Noticed a 12-headed hydra
  2949 | D        | Paralysed by a floating eye for 2 turns
  2953 | D        | Slain by a ten-headed hydra

Illustrated notes

Levels and vault maps discovered:
D:        dungeon_sprint_1 [red_sonja_temple_1, red_sonja_temple_small_1]

Skill      XL: |  1  2  3  4  5  6  7  8  9 10 11 |
---------------+----------------------------------+-----
Fighting       | 5 7 9 11 12 14 16 18 19 | 19.6
Axes           | 5 7 10 12 13 15 16 18 21 | 21.5
Armour         | 3 4 6 8 9 11 12 13 14 | 14.4
Dodging        | 3 4 6 8 9 10 11 | 11.6
Stealth        | 1 2 3 4 |  4.8
Evocations     | |  0.1

Action                   |  1- 3 |  4- 6 |  7- 9 | 10-12 || total
-------------------------+-------+-------+-------+-------++-------
Melee: Hand axe          |     7 |    21 |    58 |    33 ||   119
       Headbutt          |     2 |     4 |    18 |    37 ||    61
       Punch             |     1 |     1 |     3 |       ||     5
       Executioner's axe |       |       |       |    74 ||    74
       Battleaxe         |       |       |       |     9 ||     9
Invok: Berserk           |     2 |     3 |     4 |     5 ||    14
Evoke: Wand              |       |     1 |       |       ||     1
  Use: Scroll            |       |       |     1 |     4 ||     5
       Potion            |       |       |     1 |       ||     1
 Stab: Sleeping          |       |       |       |     1 ||     1
Armor: Ring mail         |       |     2 |    20 |    53 ||    75
Dodge: Dodged            |       |     4 |    32 |    73 ||   109
